 Dungeon Crawl Stone Soup version 0.29-a0-1043-g569b05d6ff (webtiles) character file.

Game seed: 5465310882215485495

50 nickcage the Cudgeller (level 3, -3/31 HPs)
             Began as a Minotaur Monk on Aug 15, 2022.
             Killed from afar by a white imp (6 damage)
             ... with a puff of frost
             ... on level 3 of the Dungeon.
             The game lasted 00:04:19 (2083 turns).

nickcage the Cudgeller (Minotaur Monk)              Turns: 2083, Time: 00:04:20

Health: -3/31      AC:  7    Str: 17    XL:     3   Next: 55%
Magic:  2/2        EV: 11    Int:  7    God:
Gold:   140        SH:  0    Dex: 12    Spells: 2/2 levels left

rFire   . . .      SeeInvis .   a - +1 mace
rCold   . . .      Faith    .   (no shield)
rNeg    . . .      Spirit   .   i - +0 ring mail
rPois   .          Reflect  .   (helmet restricted)
rElec   .          Harm     .   p - +0 cloak
rCorr   .          Rampage  .   k - +0 pair of gloves
Will    .....                   (no boots)
Stlth   +.........              (no amulet)
HPRegen 0.10/turn               (no ring)
MPRegen 0.08/turn               (no ring)

@: weak-willed
A: horns 2, retaliatory headbutt
a: no special abilities


You were on level 3 of the Dungeon.
You visited 1 branch of the dungeon, and saw 3 of its levels.

You collected 140 gold pieces.

Inventory:

Hand Weapons
 a - a +1 mace (weapon)
Missiles
 j - 4 poisoned darts (quivered)
 q - 6 boomerangs
Armour
 b - a +0 robe
 f - a +0 leather armour
 i - a +0 ring mail (worn)
 k - a +0 pair of gloves (worn)
 p - a +0 cloak (worn)
Scrolls
 r - a scroll of blinking {unknown}
Potions
 c - a potion of ambrosia
 h - a potion of heal wounds {unknown}
 m - a potion of might {unknown}
 o - a potion of lignification {unknown}


   Skills:
 - Level 3.6 Fighting
 + Level 5.6 Maces & Flails
 - Level 3.2 Dodging
 - Level 1.5 Stealth


You had 2 spell levels left.
You didn't know any spells.
Your spell library was empty.

Dungeon Overview and Level Annotations

Branches:
Dungeon (3/15)

Altars:


Innate Abilities, Weirdness & Mutations

You have a pair of horns on your head.
You reflexively headbutt those who attack you in melee.


Message History

You headbutt the quokka!
You kill the quokka!
The kobold hits you with a +0 dagger.
The quokka bites you but does no damage.
You closely miss the kobold. Your headbutt misses the kobold.
The kobold hits you with a +0 dagger.
An ice beast comes into view.
The quokka barely misses you.
You hit the kobold.
You kill the kobold!
The quokka bites you but does no damage.
You closely miss the quokka. The quokka bites you.
The quokka closely misses you.
You hit the quokka.
You kill the quokka!
You hit the ice beast but do no damage. The ice beast closely misses you.
You furiously retaliate!
You headbutt the ice beast. You hit the ice beast but do no damage.
The ice beast is moderately wounded.
The ice beast closely misses you.
You hit the ice beast but do no damage.
The ice beast is moderately wounded.
The ice beast hits you. The ice beast freezes you!
You are too injured to fight recklessly!
You are too injured to fight recklessly!
You hit the ice beast. Your headbutt misses the ice beast.
The ice beast is moderately wounded.
The ice beast hits you. The ice beast freezes you!
* * * LOW HITPOINT WARNING * * *
You barely miss the ice beast.
The ice beast is moderately wounded.
The ice beast barely misses you. x2
You hit the ice beast.
The ice beast is heavily wounded.
The ice beast hits you but does no damage.
You hit the ice beast.
The ice beast is severely wounded.
The white imp gestures at you. The puff of frost hits you.
You die...

.........##.####
.........#.........#
...................#
.##................##
.........######.....#
.........# #.#.#####
.........# ######........
...#.....###...#.)<......
...............Y@.†...5..
...#......>......††......
.#.#.....................
##.#.....................
#...................[...
#.......................
..........####..####....
........... ..... ....
..........## ..$..


You could see an ice beast and a white imp.

Vanquished Creatures
  An adder (D:3)
  2 worms (D:3)
  A dart slug (D:2)
  2 endoplasms
  2 giant cockroaches (D:2)
  2 goblins (D:2)
  A hobgoblin (D:1)
  3 jackals (D:2)
  4 kobolds
  4 quokkas
  5 ball pythons
  A bat (D:2)
  A frilled lizard (D:1)
  4 rats
33 creatures vanquished.

Notes
Turn   | Place    | Note
-------+----------+-------------------------------------------
     0 | D:1      | nickcage the Minotaur Monk began the quest for the Orb.
     0 | D:1      | Reached XP level 1. HP: 19/19 MP: 0/0
   141 | D:1      | Reached skill level 4 in Maces & Flails
   374 | D:1      | You fall into a shaft and drop 1 floor!
   409 | D:2      | Reached XP level 2. HP: 14/26 MP: 1/1
  1182 | D:2      | Reached skill level 5 in Maces & Flails
  1238 | D:2      | Reached XP level 3. HP: 31/31 MP: 2/2
  2072 | D:3      | Noticed an ice beast
  2083 | D:3      | Killed from afar by a white imp

Illustrated notes

Levels and vault maps discovered:
D:1:      arrival_zaba_pyramid, layout_loops_ring,
          dilly_ecumenical_altar_fadedgnrine
D:2:      layout_basic
D:3:      layout_rooms, nicolae_gozag_cash_rules_everything_around_me,
          trog_book, serial_shops, shop, kennysheep_cross_room, uniq_robin

Skill      XL: |  1  2 |
---------------+-------+-----
Maces & Flails | 4 5 |  5.6
Fighting       | |  3.6
Dodging        | |  3.2
Stealth        | |  1.5

Action                   || total
-------------------------++-------
Melee: Mace              ||    91
       Headbutt          ||     9
  Use: Scroll            ||     5
Armor: Robe              ||     2
       Ring mail         ||    16
       Leather armour    ||     8
Dodge: Dodged            ||    47

Table legend: (Time is in decaauts)
 A = Elapsed time spent in this place.
 B = Non-inter-level travel time spent in this place.
 C = Inter-level travel time spent in this place.
 D = Time resting spent in this place.
 E = Time spent auto-exploring this place.
 F = Levels seen in this place.
 G = Mean time per level.
                   A        B        C        D        E       F      G
               +--------+--------+--------+--------+--------+-----+--------+
         Total |   2097 |   1992 |    105 |    178 |   1541 |   3 |  699.0 |
       Dungeon |   2097 |   1992 |    105 |    178 |   1541 |   3 |  699.0 |
               +--------+--------+--------+--------+--------+-----+--------+

Top non-repeatable levels by time:
     D:2: 1520 daAuts
     D:1: 377 daAuts
     D:3: 200 daAuts
